[Event "27th OIBM 2024"]
[Site "Gmund am Tegernsee"]
[Date "2024.10.28"]
[Round "3.24"]
[White "Basener, Winfried"]
[Black "Kick, Joachim"]
[Result "1/2-1/2"]
[ECO "C89"]
[WhiteElo "1949"]
[BlackElo "2073"]
[Annotator "RC"]
[PlyCount "79"]
[EventDate "2024.09.16"]
[EventType "swiss"]
[EventCountry "GER"]
[SourceTitle "playchess.com"]
[Source "ChessBase"]
[SourceQuality "1"]
[TimeControl "40/5400+30:1800+30"]

1. e4 e5 2. Nf3 Nc6 3. Bb5 a6 4. Ba4 Nf6 5. O-O Be7 6. Re1 b5 7. Bb3 O-O 8. c3 d5 9. exd5 Nxd5 10. Nxe5 Nxe5 11. Rxe5 c6 12. d4 Bd6 13. Re1 Qh4 14. g3 Qh3 15. Qd3 Bg4 16. Bd2 Rae8 17. Na3 Nf4 18. Bxf4 Bxf4 19. Bc2 Bd6 20. Qf1 c5 21. Qxh3 Bxh3 22. Be4 cxd4 23. cxd4 Bb4 24. Re3 Bd2 25. Re2 Ba5 26. Bf3 Rxe2 27. Bxe2 Rd8 28. Rd1 Be6 29. b3 Bf5 30. g4 Bg6 31. f4 Be4 32. d5 Bb4 33. Nb1 Rxd5 34. Rxd5 Bxd5 35. Bd3 h6 36. Kf2 Bd6 37. Ke3 Bc5+ 38. Ke2 Kf8 39. Nc3 Bc6 40. Be4 1/2-1/2

[Event "27th OIBM 2024"]
[Site "Gmund am Tegernsee"]
[Date "2024.10.28"]
[Round "3.25"]
[White "Hoeller, Armin"]
[Black "Schmidt, Gerhard"]
[Result "0-1"]
[ECO "A24"]
[WhiteElo "1947"]
[BlackElo "2087"]
[Annotator "RC"]
[PlyCount "68"]
[EventDate "2024.09.16"]
[EventType "swiss"]
[EventCountry "GER"]
[SourceTitle "playchess.com"]
[Source "ChessBase"]
[SourceQuality "1"]
[TimeControl "40/5400+30:1800+30"]

1. c4 Nf6 2. Nc3 g6 3. g3 Bg7 4. Bg2 O-O 5. Nf3 d6 6. O-O e5 7. d3 a5 8. Rb1 c6 9. a3 Re8 10. e4 Na6 11. b4 axb4 12. axb4 Nc7 13. b5 Ne6 14. h3 Qe7 15. Na4 Nd7 16. bxc6 bxc6 17. Nh4 Ra6 18. Be3 Rf8 19. Nb6 Nxb6 20. Rxb6 Rxb6 21. Bxb6 Bd7 22. Ba5 Bh6 23. Kh2 Nd4 24. Nf3 Nxf3+ 25. Bxf3 Ra8 26. Bd2 Bxd2 27. Qxd2 Kg7 28. Rb1 Be6 29. Bg2 Qa7 30. f4 Qd4 31. f5 Bxc4 32. Rf1 f6 33. Qb4 Bf7 34. fxg6 Qxb4 0-1

[Event "27th OIBM 2024"]
[Site "Gmund am Tegernsee"]
[Date "2024.10.28"]
[Round "3.26"]
[White "Schwan, Aaron"]
[Black "Dietze, Frank"]
[Result "0-1"]
[ECO "B30"]
[WhiteElo "1946"]
[BlackElo "2101"]
[Annotator "RC"]
[PlyCount "84"]
[EventDate "2024.09.16"]
[EventType "swiss"]
[EventCountry "GER"]
[SourceTitle "playchess.com"]
[Source "ChessBase"]
[SourceQuality "1"]
[TimeControl "40/5400+30:1800+30"]

1. e4 c5 2. Nf3 Nc6 3. Bb5 e5 4. O-O Bd6 5. c3 a6 6. Bxc6 dxc6 7. d4 cxd4 8. cxd4 exd4 9. Qxd4 Bf8 10. Qa4 Qc7 11. Nc3 Ne7 12. Nd5 Qd8 13. Bf4 b5 14. Qc2 cxd5 15. Bc7 Qd7 16. Ne5 Qe6 17. exd5 Qf5 18. Qc5 f6 19. d6 Qe6 20. Nf3 Qd5 21. Qe3 Kf7 22. dxe7 Bxe7 23. Rfe1 Bc5 24. Qf4 Ra7 25. Rad1 Bxf2+ 26. Kh1 Qf5 27. Ne5+ fxe5 28. Qxf5+ Bxf5 29. Rxe5 g6 30. Ba5 Re7 31. Red5 Rhe8 32. Rd6 Bc5 33. Rc6 b4 34. h3 Re1+ 35. Rxe1 Rxe1+ 36. Kh2 Bg1+ 37. Kg3 Re3+ 38. Kf4 Re4+ 39. Kf3 Re5 40. Bd8 Be4+ 41. Kf4 Bh2+ 42. g3 Bxg3+ 0-1

[Event "27th OIBM 2024"]
[Site "Gmund am Tegernsee"]
[Date "2024.10.28"]
[Round "3.27"]
[White "Freundorfer, Josef"]
[Black "Groessing, Daniel-Yosuke"]
[Result "1-0"]
[ECO "B12"]
[WhiteElo "2072"]
[BlackElo "1936"]
[Annotator "RC"]
[PlyCount "83"]
[EventDate "2024.09.16"]
[EventType "swiss"]
[EventCountry "GER"]
[SourceTitle "playchess.com"]
[Source "ChessBase"]
[SourceQuality "1"]
[TimeControl "40/5400+30:1800+30"]

1. e4 c6 2. d4 d5 3. e5 Bf5 4. h4 h5 5. Bd3 Bxd3 6. Qxd3 e6 7. Bg5 Qb6 8. Nd2 c5 9. c4 Qa6 10. Ngf3 Nc6 11. O-O Nge7 12. b3 Nf5 13. Qb1 dxc4 14. d5 Ncd4 15. bxc4 Nxf3+ 16. Nxf3 Qxc4 17. dxe6 fxe6 18. Qxb7 Qd5 19. Qa6 Be7 20. Rad1 Nd4 21. Nxd4 cxd4 22. Qa4+ Qd7 23. Qxd7+ Kxd7 24. Rxd4+ Ke8 25. Rc1 Bxg5 26. hxg5 Kf7 27. Rc7+ Kg6 28. f4 Rhc8 29. Rdd7 Rxc7 30. Rxc7 Kf5 31. Rf7+ Kg4 32. Kf2 h4 33. g6 Rb8 34. Rxg7 Rb2+ 35. Ke3 Rxg2 36. Rh7 Kh3 37. f5 Rg3+ 38. Kf2 Rg2+ 39. Kf1 exf5 40. g7 Rg6 41. e6 Kg3 42. e7 1-0

[Event "27th OIBM 2024"]
[Site "Gmund am Tegernsee"]
[Date "2024.10.28"]
[Round "3.28"]
[White "Rickert, Heiko"]
[Black "Ercan, Selman"]
[Result "0-1"]
[ECO "D02"]
[WhiteElo "1908"]
[BlackElo "2054"]
[Annotator "RC"]
[PlyCount "78"]
[EventDate "2024.09.16"]
[EventType "swiss"]
[EventCountry "GER"]
[SourceTitle "playchess.com"]
[Source "ChessBase"]
[SourceQuality "1"]
[TimeControl "40/5400+30:1800+30"]

1. d4 d5 2. Nf3 Nf6 3. c3 c5 4. dxc5 e6 5. b4 a5 6. Bf4 Nc6 7. b5 Na7 8. b6 Nc6 9. Bc7 Qd7 10. e3 Bxc5 11. Bb5 Bd6 12. Ne5 Bxe5 13. Bxe5 Qe7 14. Qd4 O-O 15. Bxf6 gxf6 16. Bxc6 bxc6 17. O-O Kh8 18. Nd2 Rg8 19. Kh1 c5 20. Qh4 Bb7 21. f3 Rg6 22. e4 Qd6 23. exd5 exd5 24. Rae1 Rag8 25. Rf2 Qxb6 26. Re7 Kg7 27. Rfe2 Bc6 28. a4 Rd8 29. Nf1 Qb1 30. Re1 Qc2 31. Ng3 Kg8 32. Rxf7 Rxg3 33. hxg3 Kxf7 34. Qf4 Qxc3 35. Rc1 Qe5 36. Qh4 Kg8 37. Rxc5 Be8 38. f4 Qe7 39. g4 Qxc5 0-1

[Event "27th OIBM 2024"]
[Site "Gmund am Tegernsee"]
[Date "2024.10.28"]
[Round "3.29"]
[White "Gernhuber, Darian"]
[Black "Graf, Christian"]
[Result "1/2-1/2"]
[ECO "B13"]
[WhiteElo "1886"]
[BlackElo "2050"]
[Annotator "RC"]
[PlyCount "37"]
[EventDate "2024.09.16"]
[EventType "swiss"]
[EventCountry "GER"]
[SourceTitle "playchess.com"]
[Source "ChessBase"]
[SourceQuality "1"]
[TimeControl "40/5400+30:1800+30"]

1. d4 d5 2. Nc3 Nf6 3. Bf4 c5 4. e3 cxd4 5. exd4 Bg4 6. Be2 Bxe2 7. Ngxe2 Nc6 8. O-O e6 9. a3 Be7 10. Qd3 O-O 11. b4 Rc8 12. Rfd1 a5 13. b5 Nb8 14. Na4 Nbd7 15. Nec3 Rc4 16. Nb2 Rc8 17. Nba4 Rc4 18. Nb2 Rc8 19. Nba4 1/2-1/2

[Event "27th OIBM 2024"]
[Site "Gmund am Tegernsee"]
[Date "2024.10.28"]
[Round "3.31"]
[White "Pasti, Zsombor"]
[Black "Geist, Denis"]
[Result "1-0"]
[ECO "D32"]
[WhiteElo "2062"]
[BlackElo "1869"]
[Annotator "RC"]
[PlyCount "120"]
[EventDate "2024.09.16"]
[EventType "swiss"]
[EventCountry "GER"]
[SourceTitle "playchess.com"]
[Source "ChessBase"]
[SourceQuality "1"]
[TimeControl "40/5400+30:1800+30"]

1. d4 d5 2. c4 e6 3. Nc3 c5 4. cxd5 exd5 5. Nf3 Nf6 6. Bg5 Be6 7. e3 c4 8. Be2 Bb4 9. O-O Nbd7 10. Ne5 O-O 11. f4 Bxc3 12. bxc3 Bf5 13. Bf3 Qa5 14. Nxd7 Nxd7 15. Bg4 Bxg4 16. Qxg4 f5 17. Qf3 Rae8 18. Rab1 Nb6 19. Rfc1 Re4 20. Qg3 Re6 21. Bh4 Qa4 22. Qf3 Qd7 23. Rb4 a5 24. Rbb1 Rfe8 25. Bf2 Na4 26. Kh1 Rg6 27. Be1 b5 28. Qe2 Rb6 29. Bd2 Rc8 30. Rg1 Rg6 31. h3 b4 32. cxb4 c3 33. Bc1 c2 34. Rb3 Rgc6 35. Qb5 R6c7 36. Qxd7 Rxd7 37. Bd2 axb4 38. Rxb4 Nc3 39. Bxc3 Rxc3 40. Rc1 Rdc7 41. Rb3 Kf7 42. Kg1 Rxb3 43. axb3 Rc3 44. Kf2 Ke6 45. Ke2 Kd7 46. b4 Kd6 47. b5 Kd7 48. Kd2 Rb3 49. Rxc2 Rxb5 50. Ra2 Rb7 51. Ke2 Ke7 52. Ra5 Rd7 53. Kf3 g6 54. g4 Kf7 55. Rb5 Kg7 56. Kg3 Kf7 57. gxf5 gxf5 58. Kh4 Rd6 59. Kg5 Ke6 60. Rb8 Rd7 1-0

[Event "27th OIBM 2024"]
[Site "Gmund am Tegernsee"]
[Date "2024.10.28"]
[Round "3.32"]
[White "Danninger, Hugo Kian"]
[Black "Zaitcev, Aleksandr"]
[Result "1-0"]
[ECO "D05"]
[WhiteElo "2057"]
[BlackElo "1868"]
[Annotator "RC"]
[PlyCount "53"]
[EventDate "2024.09.16"]
[EventType "swiss"]
[EventCountry "GER"]
[SourceTitle "playchess.com"]
[Source "ChessBase"]
[SourceQuality "1"]
[TimeControl "40/5400+30:1800+30"]

1. d4 Nf6 2. Nf3 e6 3. e3 d5 4. Be2 c5 5. b3 cxd4 6. exd4 Nc6 7. O-O Bd6 8. Bb2 O-O 9. Nbd2 Qc7 10. c4 dxc4 11. Nxc4 Be7 12. Rc1 Qf4 13. Nce5 Nxe5 14. dxe5 Rd8 15. Bd3 Nd5 16. Rc4 Qh6 17. Bc1 Qh5 18. g4 Qh3 19. g5 Nb4 20. Rh4 Rxd3 21. Rxh3 Rxd1 22. Rxd1 Nxa2 23. Bd2 b6 24. Be1 a5 25. Nd4 Bxg5 26. Rg3 Bf4 27. Ne2 1-0

[Event "27th OIBM 2024"]
[Site "Gmund am Tegernsee"]
[Date "2024.10.28"]
[Round "3.33"]
[White "Auge, Hendrik"]
[Black "Beckers, Thomas"]
[Result "1/2-1/2"]
[ECO "B51"]
[WhiteElo "1851"]
[BlackElo "2032"]
[Annotator "RC"]
[PlyCount "34"]
[EventDate "2024.09.16"]
[EventType "swiss"]
[EventCountry "GER"]
[SourceTitle "playchess.com"]
[Source "ChessBase"]
[SourceQuality "1"]
[TimeControl "40/5400+30:1800+30"]

1. e4 c5 2. Nf3 d6 3. Bb5+ Nd7 4. O-O a6 5. Bxd7+ Bxd7 6. h3 g6 7. Re1 Bg7 8. c3 Qc7 9. d4 e5 10. dxe5 dxe5 11. c4 Ne7 12. Nc3 O-O 13. Bg5 f6 14. Be3 b6 15. Qe2 Nc6 16. Nd5 Qd8 17. Qd2 Nd4 1/2-1/2

[Event "27th OIBM 2024"]
[Site "Gmund am Tegernsee"]
[Date "2024.10.28"]
[Round "3.34"]
[White "Czap, Bernard"]
[Black "Spieker, Hans-Joachim"]
[Result "1/2-1/2"]
[ECO "A16"]
[WhiteElo "2056"]
[BlackElo "1830"]
[Annotator "RC"]
[PlyCount "36"]
[EventDate "2024.09.16"]
[EventType "swiss"]
[EventCountry "GER"]
[SourceTitle "playchess.com"]
[Source "ChessBase"]
[SourceQuality "1"]
[TimeControl "40/5400+30:1800+30"]

1. c4 Nf6 2. g3 g6 3. Bg2 Bg7 4. Nc3 O-O 5. e4 d6 6. Nge2 Be6 7. d3 c5 8. O-O Nc6 9. a3 a6 10. Rb1 Rb8 11. b4 cxb4 12. axb4 b5 13. cxb5 axb5 14. d4 Bd7 15. h3 Qc8 16. Kh2 e5 17. d5 Nd4 18. Nxd4 Qxc3 1/2-1/2

[Event "27th OIBM 2024"]
[Site "Gmund am Tegernsee"]
[Date "2024.10.28"]
[Round "3.35"]
[White "Ramirez Maillo, Cristian"]
[Black "Weiss, Robert"]
[Result "1-0"]
[ECO "C42"]
[WhiteElo "2051"]
[BlackElo "1826"]
[Annotator "RC"]
[PlyCount "69"]
[EventDate "2024.09.16"]
[EventType "swiss"]
[EventCountry "GER"]
[SourceTitle "playchess.com"]
[Source "ChessBase"]
[SourceQuality "1"]
[TimeControl "40/5400+30:1800+30"]

1. e4 e5 2. Nf3 Nf6 3. Nxe5 d6 4. Nf3 Nxe4 5. Nc3 Nxc3 6. dxc3 Be7 7. Be3 Nd7 8. Qd2 O-O 9. O-O-O Nf6 10. Bd3 c5 11. Kb1 b5 12. Bxb5 Be6 13. a3 Rb8 14. c4 Qb6 15. Qc1 a6 16. Ba4 Bxc4 17. Nd2 Be6 18. Ka1 Nd5 19. Nc4 Qb7 20. Na5 Qc7 21. Nc6 Rb6 22. Nxe7+ Qxe7 23. Bg5 f6 24. Bd2 Rfb8 25. c4 Nc7 26. Bc3 d5 27. Rhe1 d4 28. Ba5 Rd6 29. Qf4 g5 30. Qg3 Kf7 31. f4 gxf4 32. Qxf4 Ne8 33. Re5 Qb7 34. Rd2 Ng7 35. Rxc5 1-0

[Event "27th OIBM 2024"]
[Site "Gmund am Tegernsee"]
[Date "2024.10.28"]
[Round "3.37"]
[White "Haresh, Venkata Narayanaswam"]
[Black "Cilo, Selimhan"]
[Result "*"]
[ECO "B23"]
[WhiteElo "1717"]
[BlackElo "2029"]
[Annotator "RC"]
[PlyCount "90"]
[EventDate "2024.09.16"]
[EventType "swiss"]
[EventCountry "GER"]
[SourceTitle "playchess.com"]
[Source "ChessBase"]
[SourceQuality "1"]
[TimeControl "40/5400+30:1800+30"]

1. e4 c5 2. Nc3 e6 3. Nge2 Nc6 4. g3 d5 5. exd5 exd5 6. d4 Bg4 7. Bg2 Nxd4 8. h3 Bf3 9. Kf1 Bxg2+ 10. Kxg2 Nxe2 11. Qxe2+ Be7 12. Re1 Kf8 13. Qb5 d4 14. Ne4 Qd5 15. Bf4 Rc8 16. f3 a6 17. Qa5 Qc6 18. Re2 Nf6 19. Bg5 Bd8 20. Qa3 Nxe4 21. Bxd8 Rxd8 22. Rxe4 g6 23. b4 cxb4 24. Qxb4+ Kg7 25. Rc1 Qc3 26. Qxc3 dxc3 27. Kf2 Rd2+ 28. Ke3 b5 29. a4 f5 30. Re5 bxa4 31. g4 fxg4 32. fxg4 Rc8 33. Re4 a3 34. Ra4 Re8+ 35. Kf3 Rf8+ 36. Kg3 Rdf2 37. Rxa6 R8f3+ 38. Kh4 h6 39. Ra7+ Rf7 40. Rxa3 g5+ 41. Kh5 R2f3 42. Rh1 R7f6 43. Ra7+ Rf7 44. Ra3 R7f6 45. Ra7+ Rf7 *

[Event "27th OIBM 2024"]
[Site "Gmund am Tegernsee"]
[Date "2024.10.28"]
[Round "3.38"]
[White "Heberla, Bartlomiej"]
[Black "Ruecker, Benjamin"]
[Result "1-0"]
[ECO "A34"]
[WhiteElo "2501"]
[BlackElo "2164"]
[Annotator "TA"]
[PlyCount "54"]
[EventDate "2024.09.16"]
[EventType "swiss"]
[EventCountry "GER"]
[SourceTitle "playchess.com"]
[Source "ChessBase"]
[SourceQuality "1"]
[TimeControl "40/5400+30:1800+30"]

1. Nf3 c5 2. c4 Nf6 3. Nc3 d5 4. cxd5 Nxd5 5. d4 Nxc3 6. bxc3 g6 7. e3 Bg7 8. Bb5+ Bd7 9. Bd3 O-O 10. O-O cxd4 11. cxd4 {[%emt 0:00:09] White is slightly better.} Nc6 12. Ba3 Qa5 13. Qb3 Be6 14. Qb2 Bd5 15. Rfc1 Rfc8 16. Rc5 Qd8 {[%emt 0:01:41] [#] ...Bxf3 would now be deadly.} 17. Qxb7 {[%emt 0:05:59] Strongly threatening e4.} Bxf3 {[%emt 0:16:43] A mistake that costs the game.} (17... a6 $14 18. Bc4 (18. Bxa6 $2 {loses.} Rcb8 $19) 18... Bxc4 (18... Rcb8 $2 19. Qxa8 Rxa8 20. Bxd5 $18) 19. Rxc4 (19. Rxc6 Rxc6 20. Qxc6 Bd5 $14) 19... Rab8 20. Qxa6 Ra8) 18. gxf3 $18 Rab8 {[%emt 0:01:43] Black is weak on the light squares} 19. Qa6 e5 $2 (19... Rb6 {was necessary.}) 20. Rxc6 {[%emt 0:02:24] White is clearly winning.} Rxc6 21. Qxc6 exd4 22. e4 Be5 23. Rc1 Qg5+ 24. Kf1 Qh5 25. Ke2 {[%emt 0:00:39] [#] aiming for Rb1.} Qxh2 26. Qd7 {[%emt 0:02:53] Rc8+ would kill now.} Kg7 27. Rc8 Bd6 {[%emt 0:03:41] Weighted Error Value: White=0.34/Black=0.47.  Mistake:       	---       	Black=2      Inaccurate:     	---       	Black=2      OK:         	White=7     	Black=5      Best:        	White=2     	Black=1} (27... Rxc8 $142 28. Qxc8 Bd6) 1-0

[Event "27th OIBM 2024"]
[Site "Gmund am Tegernsee"]
[Date "2024.10.28"]
[Round "3.39"]
[White "Zeier, Klaus"]
[Black "Naumann, Alexander"]
[Result "1/2-1/2"]
[ECO "C78"]
[WhiteElo "2178"]
[BlackElo "2487"]
[Annotator "TA"]
[PlyCount "76"]
[EventDate "2024.09.16"]
[EventType "swiss"]
[EventCountry "GER"]
[SourceTitle "playchess.com"]
[Source "ChessBase"]
[SourceQuality "1"]
[TimeControl "40/5400+30:1800+30"]

1. e4 e5 2. Nf3 Nc6 3. Bb5 a6 4. Ba4 Nf6 5. O-O Bc5 6. c3 b5 7. Bb3 d6 8. a4 Rb8 9. d4 Bb6 10. axb5 axb5 11. h3 O-O 12. Be3 h6 13. Nbd2 Re8 14. Qe2 Bd7 15. Bc2 (15. Qxb5 $2 Nxd4 16. Qd3 Nxb3 17. Nxb3 Bxe3 18. Qxe3 Rxb3 $19) 15... Qc8 16. Rfd1 (16. Qxb5 $2 exd4 17. Bxh6 (17. cxd4 $2 Nxd4 18. Qd3 Bb5 $19) 17... gxh6 $19) 16... Nd8 17. dxe5 dxe5 18. Nf1 Nb7 (18... b4 $11 {remains equal.}) 19. Bxb6 $16 cxb6 20. Ne3 {[%emt 0:00:50] White is more active.} Nc5 21. Ra7 ({Better is} 21. Nd5 $16 {Hoping for Nxf6+.} Nxd5 22. exd5 (22. Rxd5 Qc7 $14)) 21... Rb7 22. Rxb7 Qxb7 23. Nf5 Bxf5 24. exf5 Qc7 25. Qxb5 e4 26. Re1 Qf4 {[%emt 0:06:16] Prevents Nd2} 27. b4 (27. Qxb6 $2 {loses.} exf3 28. Rxe8+ Nxe8 $19) ({White should play} 27. Nd4 $16) 27... Ncd7 $14 28. Qc4 {[%emt 0:01:08] Repels Qc7} Qxf5 29. Nd2 Qd5 $1 30. Qxd5 (30. Bxe4 $2 {perishes.} Qxd2 $19) 30... Nxd5 31. Ba4 {[%emt 0:00:17] The position is equal.} Nxc3 32. Bxd7 Rd8 33. Nxe4 Nxe4 34. Rxe4 Rxd7 $11 {[%emt 0:00:06] KR-KR} 35. Kf1 Rd5 36. Ke2 f5 37. Rc4 Kf7 38. Rc7+ Kf8 {[%emt 0:00:37] Weighted Error Value: White=0.12 (very precise) /Black=0.09 (flawless) .  Mistake:       	White=2     	Black=1      Inaccurate:     	---       	Black=1      OK:         	White=9     	Black=8      Best:        	White=2     	Black=5      Strong:       	---       	Black=1} 1/2-1/2

[Event "27th OIBM 2024"]
[Site "Gmund am Tegernsee"]
[Date "2024.10.28"]
[Round "3.40"]
[White "Latzke, Boris"]
[Black "Baenziger, Fabian"]
[Result "1/2-1/2"]
[ECO "E11"]
[WhiteElo "2166"]
[BlackElo "2434"]
[Annotator "TA"]
[PlyCount "50"]
[EventDate "2024.09.16"]
[EventType "swiss"]
[EventCountry "GER"]
[SourceTitle "playchess.com"]
[Source "ChessBase"]
[SourceQuality "1"]
[TimeControl "40/5400+30:1800+30"]

1. d4 Nf6 2. c4 e6 3. Nf3 Bb4+ 4. Nbd2 O-O 5. a3 Bxd2+ 6. Bxd2 d6 7. e3 Ne4 8. Bd3 Nxd2 9. Qxd2 Nd7 10. O-O b6 11. Be4 Rb8 12. Qc2 h6 {[%emt 0:00:14] The position is equal.} 13. Bc6 Bb7 14. Bxb7 Rxb7 15. Rfd1 Qe7 16. Qe4 Rbb8 17. Qc6 Nf6 18. b4 Rfd8 19. Nd2 Qd7 20. Qxd7 Nxd7 21. Ne4 Kf8 22. Kf1 Ke7 23. Ke2 c5 24. dxc5 dxc5 25. f4 f5 {[%emt 0:05:05] A rather calm draw.   Weighted Error Value: White=0.04 (flawless) /Black=0.02 (flawless) .  OK:         	White=5     	Black=9} 1/2-1/2

[Event "27th OIBM 2024"]
[Site "Gmund am Tegernsee"]
[Date "2024.10.28"]
[Round "3.41"]
[White "Gut, Lionel"]
[Black "Morawietz, Dieter"]
[Result "0-1"]
[ECO "E45"]
[WhiteElo "2164"]
[BlackElo "2372"]
[Annotator "RC"]
[PlyCount "46"]
[EventDate "2024.09.16"]
[EventType "swiss"]
[EventCountry "GER"]
[SourceTitle "playchess.com"]
[Source "ChessBase"]
[SourceQuality "1"]
[TimeControl "40/5400+30:1800+30"]

1. d4 Nf6 2. c4 e6 3. Nc3 Bb4 4. e3 b6 5. Nge2 Ba6 6. a3 Be7 7. Nf4 O-O 8. e4 c5 9. e5 Ne8 10. d5 d6 11. exd6 Nxd6 12. dxe6 Nc6 13. Qa4 Nd4 14. Be3 fxe6 15. O-O-O Bc8 16. Bd3 Bd7 17. Qa6 Nb3+ 18. Kc2 Na5 19. Be4 Bc8 20. Nxe6 Bxe6 21. Bxa8 Qxa8 22. Nd5 Bf5+ 23. Kd2 Bd8 0-1

[Event "27th OIBM 2024"]
[Site "Gmund am Tegernsee"]
[Date "2024.10.28"]
[Round "3.42"]
[White "Restorff, Felix"]
[Black "Beikert, Guenther"]
[Result "1/2-1/2"]
[ECO "B51"]
[WhiteElo "2151"]
[BlackElo "2365"]
[Annotator "RC"]
[PlyCount "80"]
[EventDate "2024.09.16"]
[EventType "swiss"]
[EventCountry "GER"]
[SourceTitle "playchess.com"]
[Source "ChessBase"]
[SourceQuality "1"]
[TimeControl "40/5400+30:1800+30"]

1. e4 c5 2. Nf3 d6 3. Bb5+ Nc6 4. O-O e5 5. Re1 Nge7 6. c3 a6 7. Bf1 g6 8. d4 exd4 9. cxd4 Bg4 10. h3 Bxf3 11. Qxf3 Bg7 12. dxc5 dxc5 13. Nc3 Nd4 14. Qd1 O-O 15. Bg5 h6 16. Bxe7 Qxe7 17. Bc4 Kh7 18. Ne2 b5 19. Bd5 Rad8 20. a4 f5 21. Nf4 Qg5 22. g3 fxe4 23. h4 Qxf4 24. gxf4 Nf3+ 25. Kf1 Nxe1 26. Kxe1 Rf5 27. Qe2 Rfxd5 28. axb5 axb5 29. Qxb5 R8d7 30. Kf1 Rf7 31. Ra6 Rdf5 32. Re6 Rxf4 33. Qxc5 Bxb2 34. h5 gxh5 35. Re7 Rxe7 36. Qxe7+ Bg7 37. Kg2 Rg4+ 38. Kh3 Rf4 39. Kg3 Rg4+ 40. Kh3 Rf4 1/2-1/2

[Event "27th OIBM 2024"]
[Site "Gmund am Tegernsee"]
[Date "2024.10.28"]
[Round "3.43"]
[White "Schramm, Christian"]
[Black "Delitzsch, Juergen"]
[Result "1-0"]
[ECO "A48"]
[WhiteElo "2361"]
[BlackElo "2147"]
[Annotator "RC"]
[PlyCount "147"]
[EventDate "2024.09.16"]
[EventType "swiss"]
[EventCountry "GER"]
[SourceTitle "playchess.com"]
[Source "ChessBase"]
[SourceQuality "1"]
[TimeControl "40/5400+30:1800+30"]

1. d4 Nf6 2. Bf4 g6 3. Nf3 Bg7 4. e3 d6 5. h3 O-O 6. Nbd2 Nbd7 7. Bc4 b6 8. Qe2 Bb7 9. O-O Qe8 10. Rfd1 e5 11. dxe5 dxe5 12. Bh2 Qe7 13. Ba6 Bxa6 14. Qxa6 Nc5 15. Qa3 Nfd7 16. Rab1 a5 17. Ne4 Rfe8 18. Nfd2 Qe6 19. Nxc5 Nxc5 20. Nb3 Nxb3 21. Qxb3 Qxb3 22. axb3 Rad8 23. e4 f6 24. Kf1 Kf7 25. f3 Bf8 26. Bg1 Ke6 27. Ke2 Be7 28. Be3 Rxd1 29. Rxd1 Rd8 30. Rh1 h5 31. Ra1 Bd6 32. Ra4 Rd7 33. Ra1 Rd8 34. Rf1 h4 35. Bf2 g5 36. Rd1 Be7 37. Ra1 Bd6 38. Ra4 Rd7 39. Rc4 Rd8 40. Rc3 Rd7 41. Rc6 Ke7 42. Be1 Rd8 43. Rc4 Rd7 44. Ra4 Bc5 45. b4 axb4 46. Bxb4 Bxb4 47. Rxb4 Rd6 48. Rc4 Kd7 49. Ra4 Kc6 50. Ra3 Rd4 51. Ra8 Rd6 52. Ra1 Kc5 53. Ra3 b5 54. Rc3+ Kb6 55. Ra3 Rc6 56. Kd2 Rd6+ 57. Rd3 Rxd3+ 58. Kxd3 Kc5 59. Kc3 c6 60. b4+ Kd6 61. Kd3 Ke6 62. Ke3 Kf7 63. Kf2 Kg6 64. g3 Kh5 65. gxh4 gxh4 66. Ke3 Kg5 67. f4+ Kg6 68. Kf3 Kh5 69. c3 Kg6 70. fxe5 fxe5 71. Kg4 Kf6 72. Kxh4 Kg6 73. Kg4 Kf6 74. Kh5 1-0

[Event "27th OIBM 2024"]
[Site "Gmund am Tegernsee"]
[Date "2024.10.28"]
[Round "3.44"]
[White "Southcott-Moyers, Indy"]
[Black "Frischmann, Rick"]
[Result "1/2-1/2"]
[ECO "E91"]
[WhiteElo "2143"]
[BlackElo "2355"]
[Annotator "RC"]
[PlyCount "94"]
[EventDate "2024.09.16"]
[EventType "swiss"]
[EventCountry "GER"]
[SourceTitle "playchess.com"]
[Source "ChessBase"]
[SourceQuality "1"]
[TimeControl "40/5400+30:1800+30"]

1. d4 Nf6 2. c4 c5 3. d5 g6 4. Nc3 Bg7 5. Nf3 O-O 6. e4 d6 7. Be2 e6 8. O-O Re8 9. dxe6 Rxe6 10. e5 Ng4 11. Ng5 Nxe5 12. f4 Nec6 13. Nxe6 fxe6 14. Be3 Nd4 15. Bf3 Qb6 16. Qd2 Nbc6 17. Rad1 Bd7 18. Be4 Rd8 19. Ne2 Nxe2+ 20. Qxe2 Nd4 21. Bxd4 Bxd4+ 22. Kh1 Rf8 23. b3 Rf6 24. Qf3 Bc8 25. Qg3 Qc7 26. b4 b6 27. bxc5 dxc5 28. Rde1 Kg7 29. Qd3 Bd7 30. Rd1 a6 31. Qa3 Rxf4 32. Rxf4 Qxf4 33. Qd3 b5 34. Rf1 Qd6 35. Qf3 Be8 36. Bd3 Qe7 37. Qa8 bxc4 38. Bxc4 Bb5 39. Rb1 Qf7 40. a4 Qf5 41. Rf1 Bxc4 42. Qb7+ Kh6 43. Rxf5 gxf5 44. Qe7 Kg6 45. Qe8+ Kg7 46. Qe7+ Kg6 47. Qe8+ Kg7 1/2-1/2

[Event "27th OIBM 2024"]
[Site "Gmund am Tegernsee"]
[Date "2024.10.28"]
[Round "3.45"]
[White "Womacka, Mathias"]
[Black "Turel, Tugrul"]
[Result "1-0"]
[ECO "C24"]
[WhiteElo "2345"]
[BlackElo "2135"]
[Annotator "RC"]
[PlyCount "63"]
[EventDate "2024.09.16"]
[EventType "swiss"]
[EventCountry "GER"]
[SourceTitle "playchess.com"]
[Source "ChessBase"]
[SourceQuality "1"]
[TimeControl "40/5400+30:1800+30"]

1. e4 e5 2. Nf3 Nc6 3. Bc4 Bc5 4. O-O Nf6 5. d3 O-O 6. h3 d5 7. exd5 Nxd5 8. Re1 Re8 9. Ng5 Be6 10. Nxe6 Rxe6 11. Nd2 Rg6 12. Ne4 Bb6 13. c3 Qd7 14. Qh5 Nf6 15. Nxf6+ Rxf6 16. Be3 Re8 17. Bxb6 axb6 18. Re3 Rf5 19. Qh4 Ne7 20. Rae1 Ng6 21. Qg4 Kh8 22. Rf3 Ne7 23. Rxe5 g6 24. Bxf7 Rf8 25. Be6 Qd6 26. Bxf5 Qxe5 27. Be4 Rxf3 28. Qxf3 c6 29. Qf7 Qg5 30. f4 Qc5+ 31. d4 Qd6 32. Qf8+ 1-0

[Event "27th OIBM 2024"]
[Site "Gmund am Tegernsee"]
[Date "2024.10.28"]
[Round "3.46"]
[White "Aumueller, Naum"]
[Black "Weber, Ulrich"]
[Result "*"]
[ECO "B51"]
[WhiteElo "2139"]
[BlackElo "2334"]
[Annotator "RC"]
[PlyCount "68"]
[EventDate "2024.09.16"]
[EventType "swiss"]
[EventCountry "GER"]
[SourceTitle "playchess.com"]
[Source "ChessBase"]
[SourceQuality "1"]
[TimeControl "40/5400+30:1800+30"]

1. e4 c5 2. Nf3 d6 3. Bb5+ Nd7 4. a4 Ngf6 5. Nc3 a6 6. Be2 b6 7. d4 cxd4 8. Qxd4 e6 9. O-O Bb7 10. Nd2 Qc7 11. Rd1 d5 12. exd5 Bc5 13. Qh4 Nxd5 14. Nxd5 Bxd5 15. c4 Bc6 16. Ne4 Be7 17. Bg5 Bxg5 18. Nxg5 Nf6 19. Bf3 O-O 20. Ne4 Bxe4 21. Bxe4 Rad8 22. b4 h6 23. Bf3 a5 24. Rdb1 e5 25. bxa5 bxa5 26. Rb5 Rd4 27. Qg3 Rxc4 28. Rxe5 Rxa4 29. Ree1 Rxa1 30. Rxa1 Qc3 31. Rd1 Re8 32. h3 Re1+ 33. Rxe1 g6 34. Re8+ Kg7 *